Map: Dusk Towers

Players

Petraeus

  • Race: Zerg Zerg
  • League: Grandmaster

Seither - Winner!

  • Race: Terran Terran
  • League: Master

VOD

Have the link to the VOD?

Description

Time

  • Played on: Dec. 13, 2015, 4:30 a.m.
  • Length: 8:11
Show
View Real Time Build Order
Export as new Build Order

Petraeus Zerg 

Build Orders: Hatch First 

Get SALT Encoding   

  12  0:01  Drone  
  13  0:12  Overlord  
  13  0:16  Drone  
  14  0:31  Drone x2  
  14  0:35  Drone  
  17  0:52  Hatchery  
  17  0:55  Drone  
  17  0:57  Drone  
  18  1:11  Spawning Pool  
  17  1:12  Extractor  
  17  1:15  Drone  
  17  1:18  Drone  
  18  1:28  Drone  
  19  1:39  Overlord  
  19  1:50  Drone  
  20  1:58  Queen  
  20  2:00  Zergling x2  
  23  2:03  Queen  
  23  2:04  Zergling x2  
  26  2:12  Drone  
  26  2:13  Metabolic Boost  
  26  2:14  Drone  
  28  2:23  Drone  
  28  2:26  Drone  
  30  2:33  Queen  
  30  2:34  Overlord  
  32  2:37  Drone  
  32  2:43  Drone  
  34  2:54  Drone  
  34  2:56  Drone  
  36  3:01  Hatchery  
  36  3:04  Drone  
  36  3:13  Zergling x4  
  36  3:14  Drone x2  
  36  3:16  Overlord  
  36  3:17  Drone x3  
  43  3:25  Drone  
  44  3:36  Overlord  
  46  3:43  Drone x2, Queen  
  46  3:44  Drone  
  46  3:47  Queen  
  51  3:48  Overlord  
  51  3:49  Drone  
  51  3:51  Extractor  
  51  3:53  Drone  
  51  3:54  Baneling Nest, Drone  
  51  3:55  Drone x2  
  53  4:03  Drone x2  
  55  4:11  Drone  
  55  4:14  Evolution Chamber  
  55  4:15  Evolution Chamber  
  54  4:20  Drone x6  
  60  4:24  Zergling x2  
  60  4:26  Zergling x2  
  60  4:27  Drone  
  60  4:31  Overlord  
  63  4:32  Drone  
  63  4:36  Zergling x2  
  63  4:38  Zergling x2  
  55  4:54  Spore Crawler  
  55  4:55  Drone  
  55  4:56  Drone x4  
  55  4:57  Spore Crawler, Drone  
  55  4:58  Drone x4  
  64  5:01  Zerg Ground Armor Level 1, Zerg Melee Weapons Level 1  
  64  5:02  Drone x3  
  67  5:10  Drone  
  67  5:11  Lair  
  67  5:12  Extractor  
  67  5:14  Drone x2  
  67  5:16  Drone  
  67  5:17  Drone  
  67  5:20  Drone  
  68  5:27  Extractor  
  68  5:28  Drone x3  
  68  5:29  Extractor  
  68  5:30  Drone  
  68  5:31  Drone x4  
  74  5:36  Extractor  
  74  5:39  Drone  
  74  5:44  Overlord x2  
  73  5:51  Pneumatized Carapace  
  73  5:52  Hatchery  
  72  5:57  Drone, Overlord  
  72  6:04  Drone  
  74  6:06  Zergling x8  
  74  6:07  Drone  
  74  6:08  Drone x2  
  81  6:11  Hydralisk Den  
  81  6:13  Infestation Pit  
  81  6:16  Drone x3  
  82  6:22  Centrifical Hooks  
  82  6:24  Overseer  
  82  6:30  Overlord x2  
  82  6:35  Hatchery  
  75  6:50  Drone x3  
  76  6:56  Hive  
  76  7:01  Drone x4  
  75  7:09  Hydralisk  
  75  7:10  Hydralisk  
  75  7:12  Drone x3  
  82  7:19  Queen  
  85  7:22  Drone  
  85  7:24  Spore Crawler  
  83  7:30  Overlord  
  83  7:31  Drone  
  83  7:32  Drone x6  
  83  7:33  Drone  
  87  7:48  Overlord  
  87  7:57  Drone  
Show
View Real Time Build Order
Export as new Build Order

Seither Terran - Winner!

Build Orders: Liberator Opening, Reaper Expand 

Get SALT Encoding   

  12  0:00  SCV  
  13  0:12  SCV  
  14  0:18  Supply Depot  
  14  0:25  SCV  
  15  0:39  SCV  
  15  0:42  Barracks  
  16  0:47  Refinery  
  16  0:51  SCV  
  17  1:03  SCV  
  18  1:16  SCV  
  19  1:29  Orbital Command  
  19  1:30  Reaper  
  20  1:40  Command Center  
  20  1:50  Supply Depot  
  20  1:55  SCV  
  21  2:02  Marine  
  21  2:07  SCV, Factory  
  23  2:15  Refinery  
  23  2:19  SCV  
  24  2:25  Barracks Reactor  
  24  2:31  SCV  
  25  2:43  SCV  
  26  2:52  Starport  
  26  2:53  Orbital Command  
  26  2:55  SCV  
  27  2:58  Widow Mine  
  27  3:01  Marine x2  
  31  3:08  SCV  
  32  3:17  Supply Depot  
  32  3:20  SCV, Marine x2  
  32  3:26  SCV  
  36  3:27  Widow Mine  
  36  3:30  Medivac  
  36  3:32  SCV  
  36  3:34  Supply Depot  
  41  3:38  SCV  
  41  3:40  Marine x2  
  44  3:44  SCV  
  44  3:50  SCV  
  44  3:54  Liberator  
  45  3:56  SCV, Factory Tech Lab  
  45  3:59  Marine x2  
  45  4:02  SCV  
  49  4:08  SCV  
  50  4:10  Command Center  
  56  4:17  Siege Tank  
  56  4:19  Supply Depot  
  56  4:23  SCV x2, Marine  
  59  4:24  Marine  
  59  4:29  Supply Depot  
  59  4:30  Refinery  
  60  4:36  SCV x2  
  60  4:50  Liberator  
  60  4:52  SCV x2  
  61  4:53  Siege Tank  
  61  4:59  Barracks  
  63  5:00  Barracks  
  63  5:04  Barracks Tech Lab  
  63  5:08  SCV x2, Refinery  
  68  5:20  SCV x2  
  68  5:21  Engineering Bay x2  
  70  5:23  Orbital Command  
  70  5:24  Marine  
  70  5:25  Stimpack  
  67  5:32  SCV x2  
  67  5:35  Supply Depot  
  69  5:37  Siege Tank  
  72  5:43  Marine  
  72  5:46  Orbital Command  
  72  5:48  Barracks  
  73  5:50  Barracks Reactor  
  73  5:53  Barracks  
  73  5:56  SCV  
  73  5:57  SCV  
  75  6:01  Starport Reactor  
  75  6:02  Terran Infantry Weapons Level 1  
  75  6:05  Terran Infantry Armor Level 1  
  75  6:08  SCV, Refinery, Marine  
  75  6:09  SCV  
  78  6:15  SCV  
  78  6:17  Marine x2  
  81  6:20  Siege Tank  
  81  6:21  SCV  
  81  6:23  SCV  
  86  6:26  Marine  
  86  6:27  Supply Depot, SCV, Marine x2  
  90  6:33  SCV  
  90  6:35  SCV  
  90  6:38  Supply Depot  
  90  6:39  SCV, Marine, Barracks Reactor  
  93  6:40  Marine x2  
  93  6:45  SCV  
  93  6:46  Supply Depot  
  93  6:47  Supply Depot, SCV, Medivac  
  99  6:50  Medivac  
  102  6:56  SCV  
  102  6:57  SCV  
  102  6:59  SCV  
  105  7:02  Supply Depot, Marine x2  
  105  7:03  Barracks Reactor, Marine x2  
  105  7:04  Siege Tank  
  105  7:07  Supply Depot  
  112  7:15  SCV x3  
  115  7:20  Medivac x2  
  119  7:27  Refinery, Barracks  
  119  7:28  Barracks  
  119  7:29  Barracks  
  119  7:30  Armory  
  119  7:33  SCV x2  
  119  7:35  Marine x3  
  119  7:36  Marauder  
  126  7:44  Marine x2  
  126  7:50  SCV x2  
Tags
 
Add a new tag
Caveats
  • Supply blocks, unpowered buildings, or Contaminate may cause inaccurate times.
  • Supply counts are checked every 10 seconds.